 Dungeon Crawl Stone Soup version 0.30-a0-272-gf98c3da03f (webtiles) character file.

Game seed: 13239338908816506350

1558 gruber the Chiller (level 8, -2/60 HPs)
             Began as a Gnoll Ice Elementalist on Oct 15, 2022.
             Was a Follower of Sif Muna.
             Slain by an orc warrior
             ... wielding a +0 battleaxe
              (9 damage)
             ... on level 7 of the Dungeon.
             The game lasted 00:07:31 (5254 turns).

gruber the Chiller (Gnoll Ice Elementalist)         Turns: 5254, Time: 00:07:32

Health: -2/60      AC: 14    Str:  7    XL:     8   Next: 89%
Magic:  2/17       EV: 15    Int: 16    God:    Sif Muna [*.....]
Gold:   276        SH:  0    Dex: 20    Spells: 10/19 levels left

rFire   + . .      SeeInvis .    y - +2 flail (protect)
rCold   . . .      Faith    .    (no shield)
rNeg    . . .      Spirit   .    I - +0 leather armour {rF+}
rPois   .          Reflect  .    k - +1 hat
rElec   .          Harm     .    (no cloak)
rCorr   .          Rampage  .    i - +2 pair of gloves
Will    .....                    C - +0 pair of boots
Stlth   +++.......               (no amulet)
HPRegen 0.30/turn                f - ring of wizardry
MPRegen 0.15/turn                q - +6 ring of dexterity

@: ice-armoured, freezing walls
A: fangs 1, strong nose, distributed training
a: Renounce Religion, Channel Magic


You were on level 7 of the Dungeon.
You worshipped Sif Muna.
Sif Muna was aware of your devotion.
You visited 2 branches of the dungeon, and saw 8 of its levels.

You collected 276 gold pieces.

Inventory:

Hand Weapons
 o - a +0 short sword of flaming
 y - a +2 flail of protection (weapon)
Missiles
 s - a throwing net
Armour
 i - a +2 pair of gloves (worn)
 k - a +1 hat (worn)
 C - a +0 pair of boots (worn)
 I - a +0 leather armour of fire resistance (worn)
Magical Staves
 m - a staff of poison
Jewellery
 a - a +6 ring of strength
 f - a ring of wizardry (left hand)
 n - a ring of see invisible
 q - a +6 ring of dexterity (right hand)
Scrolls
 c - a scroll of immolation {unknown}
 d - a scroll of silence {unknown}
 g - 4 scrolls of identify {unknown}
 h - a scroll of fear {unknown}
 p - 2 scrolls of vulnerability {unknown}
 r - a scroll of noise {unknown}
 t - 4 scrolls of teleportation {unknown}
 v - a scroll of summoning {unknown}
 z - a scroll of poison {unknown}
 B - 4 scrolls of magic mapping {unknown}
 D - a scroll of amnesia {unknown}
 G - a scroll of torment {unknown}
 H - a scroll of enchant weapon {unknown}
Potions
 b - 2 potions of magic
 e - 2 potions of curing {unknown}
 j - 3 potions of might {unknown}
 l - 2 potions of berserk rage {unknown}
 u - 2 potions of degeneration {unknown}
 w - a potion of attraction {unknown}
 x - a potion of experience {unknown}
 A - a potion of brilliance {unknown}
 E - a potion of mutation {unknown}
 F - a potion of cancellation {unknown}


   Skills:
 + Level 3.8 Fighting
 + Level 3.8 Short Blades
 + Level 3.8 Long Blades
 + Level 3.8 Axes
 + Level 3.8 Maces & Flails
 + Level 3.8 Polearms
 + Level 3.8 Staves
 + Level 3.8 Ranged Weapons
 + Level 3.8 Throwing
 + Level 3.8 Armour
 + Level 6.0 Dodging
 + Level 5.7 Stealth
 + Level 3.8 Shields
 + Level 3.8 Unarmed Combat
 + Level 6.3 Spellcasting
 + Level 3.1 Conjurations
 + Level 3.1 Hexes
 + Level 3.1 Summonings
 + Level 3.1 Necromancy
 + Level 3.1 Translocations
 + Level 3.1 Transmutations
 + Level 3.1 Fire Magic
 + Level 7.8 Ice Magic
 + Level 3.1 Air Magic
 + Level 3.1 Earth Magic
 + Level 3.1 Poison Magic
 + Level 4.2 Invocations
 + Level 3.8 Evocations


You had 10 spell levels left.
You knew the following spells:

 Your Spells              Type           Power      Damage    Failure   Level
a - Freeze                Ice            100%       1d10      1%          1
b - Frozen Ramparts       Ice            60%        1d10      1%          3
c - Ozocubu's Armour      Ice            30%        N/A       1%          3
d - Scorch                Fire           30%        2d6       3%          2

Your spell library contained the following spells:

 Spells                   Type           Power      Damage    Failure   Level
 Beastly Appendage        Tmut           30%        N/A       2%          1
 Sting                    Tmut/Pois      60%        1d6       2%          1
 Poisonous Vapours        Pois/Air       30%        N/A       3%          2
 Wereblood                Tmut           15%        N/A       3%          2
 Portal Projectile        Hex/Tloc       30%        N/A       6%          3
 Spider Form              Tmut/Pois      15%        N/A       6%          3
 Tukima's Dance           Hex            15%        N/A       6%          3
 Ice Form                 Ice/Tmut       22%        N/A       9%          4
 Summon Ice Beast         Ice/Summ       22%        N/A       9%          4
 Flame Wave               Conj/Fire      15%        2d7       21%         4
 Olgreb's Toxic Radiance  Pois           15%        N/A       21%         4
 Blade Hands              Tmut           7%         N/A       50%         5
 Summon Cactus Giant      Summ           7%         N/A       96%         6


Dungeon Overview and Level Annotations

Branches:
Dungeon (7/15)             Temple (1/1) D:5

Altars:
Ashenzari
Dithmenos
Elyvilon
Fedhas
Gozag
Hepliaklqana
Kikubaaqudgha
Makhleb
Nemelex Xobeh
Okawaru
Qazlal
Ru
Sif Muna
Uskayaw
Vehumet
Wu Jian
Xom
Yredelemnul
Zin
The Shining One

Shops:
D:2 *

Annotations:
D:5 3 runed translucent doors, qtw55's ghost, novice MiBe


Innate Abilities, Weirdness & Mutations

You have very sharp teeth.
Your uncanny sense of smell can sniff out nearby items.
Your experience applies equally to all skills.


Message History

Unknown command.
Casting: Scorch (safe; 3% risk of failure)
Confirm with . or Enter, or press ? or * to list all spells.
Flames lash the orc warrior but do no damage.
The wall freezes the orc.
You kill the orc!
Sif Muna accepts your kill.
Unknown command.
Unknown command.
Casting: Scorch (safe; 3% risk of failure)
Confirm with . or Enter, or press ? or * to list all spells.
Flames lash the orc warrior.
The orc warrior is moderately wounded.
The orc warrior's fire resistance burns away.
The frozen ramparts melt away.
Unknown command.
Unknown command.
Casting: Scorch (safe; 3% risk of failure)
Confirm with . or Enter, or press ? or * to list all spells.
Casting: Frozen Ramparts (safe; 1% risk of failure)
Press: ? - help, Dir - look around, f - activate The walls around you are covered in ice.
The wall freezes the orc warrior but does no damage.
The orc warrior barely misses you.
Unknown command.
Unknown command.
Casting: Frozen Ramparts (safe; 1% risk of failure)
Confirm with . or Enter, or press ? or * to list all spells.
Okay, then.
You are too injured to fight recklessly!
Casting: Frozen Ramparts (safe; 1% risk of failure)
Confirm with . or Enter, or press ? or * to list all spells.
Aiming: Freeze (safe; 1% risk of failure)
Press: ? - help, Shift-Dir - straight line, f - orc warrior
Aim: an orc warrior, wielding a +0 battleaxe, wearing a +0 chain mail and carrying a wand of iceblast (4) (moderately wounded, more vulnerable to fire)
You freeze the orc warrior!
The orc warrior is heavily wounded.
The wall freezes the orc warrior.
The orc warrior hits you with a +0 battleaxe!
You die...

#>.............###
#.................
#.....o.......#...
#.....o.......#...
#...ggg.......# ..
#)############# .. #)# #
∆ #o# #######@# ##
........##########...
#####...............#..~
#..............#..~.
#.............#...~.
###.#....#####.#..~.
#.#....# #.#.. #.#....#
##..###
#......#####......


You could see an orc warrior (combustible).

Vanquished Creatures
  Joseph (D:7)
  A water moccasin (D:5)
  An ice beast (D:6)
  A black bear (D:5)
  A phantom (D:5)
  A bullfrog (D:6)
  3 scorpions
  2 howler monkeys (D:6)
  A hound (D:5)
  A gnoll bouda (D:6)
  2 orc priests
  A jelly (D:6)
  4 orc wizards
  An iguana (D:4)
  4 adders
  12 gnolls
  4 white imps
  An ufetubus (D:6)
  2 worms (D:3)
  2 dart slugs
  19 orcs
  6 endoplasms
  3 giant cockroaches
  8 goblins
  7 hobgoblins
  7 kobolds
  2 quokkas
  6 ball pythons
  4 bats
  13 frilled lizards
  6 rats
127 creatures vanquished.

Vanquished Creatures (others)
  3 fungi (D:3)
  5 plants (D:3)
8 creatures vanquished.

Grand Total: 135 creatures vanquished

Notes
Turn   | Place    | Note
-------+----------+-------------------------------------------
     0 | D:1      | gruber the Gnoll Ice Elementalist began the quest for the
                  | Orb.
     0 | D:1      | Reached XP level 1. HP: 13/13 MP: 6/6
   169 | D:1      | Reached XP level 2. HP: 19/19 MP: 7/7
   786 | D:1      | Reached skill level 5 in Spellcasting
   786 | D:1      | Reached XP level 3. HP: 24/25 MP: 7/9
   809 | D:1      | Learned a level 3 spell: Frozen Ramparts
   813 | D:1      | Learned a level 3 spell: Ozocubu's Armour
   984 | D:2      | Reached skill level 1 in Invocations
   987 | D:2      | Reached skill level 1 in Fighting
   987 | D:2      | Reached skill level 1 in Short Blades
   987 | D:2      | Reached skill level 1 in Long Blades
   987 | D:2      | Reached skill level 1 in Axes
   987 | D:2      | Reached skill level 1 in Maces & Flails
   987 | D:2      | Reached skill level 1 in Polearms
   987 | D:2      | Reached skill level 1 in Staves
   987 | D:2      | Reached skill level 1 in Ranged Weapons
   987 | D:2      | Reached skill level 1 in Throwing
   987 | D:2      | Reached skill level 1 in Armour
   987 | D:2      | Reached skill level 1 in Shields
   987 | D:2      | Reached skill level 1 in Unarmed Combat
   987 | D:2      | Reached skill level 1 in Evocations
  1044 | D:2      | Reached XP level 4. HP: 32/32 MP: 6/11
  1301 | D:2      | Found Gaarph Coilon's Assorted Antiques.
  1574 | D:3      | Learned a level 2 spell: Scorch
  1673 | D:3      | Found a sparkling altar of Nemelex Xobeh.
  1680 | D:3      | Reached skill level 1 in Conjurations
  1680 | D:3      | Reached skill level 1 in Hexes
  1680 | D:3      | Reached skill level 1 in Summonings
  1680 | D:3      | Reached skill level 1 in Necromancy
  1680 | D:3      | Reached skill level 1 in Translocations
  1680 | D:3      | Reached skill level 1 in Transmutations
  1680 | D:3      | Reached skill level 1 in Fire Magic
  1680 | D:3      | Reached skill level 1 in Air Magic
  1680 | D:3      | Reached skill level 1 in Earth Magic
  1680 | D:3      | Reached skill level 1 in Poison Magic
  1892 | D:3      | Reached XP level 5. HP: 35/37 MP: 8/12
  2324 | D:4      | Reached XP level 6. HP: 30/44 MP: 6/13
  2327 | D:4      | Reached skill level 5 in Dodging
  2504 | D:4      | Found a glowing golden altar of the Shining One.
  2740 | D:4      | Found a shadowy altar of Dithmenos.
  2785 | D:4      | Found a hazy altar of Hepliaklqana.
  2795 | D:4      | Found a glowing silver altar of Zin.
  2932 | D:4      | Found a shimmering blue altar of Sif Muna.
  2972 | D:4      | Became a worshipper of Sif Muna the Loreminder
  3136 | D:5      | Entered Level 5 of the Dungeon
  3252 | D:5      | Found a runed translucent gate.
  3253 | D:5      | Found a runed translucent gate.
  3254 | D:5      | Found a runed translucent gate.
  3255 | D:5      | Noticed qtw55's ghost (novice MiBe)
  3258 | D:5      | Identified the +1 scale mail of Vukkuyrr {Int+4}
  3301 | D:5      | Noticed a black bear
  3310 | D:5      | Killed a black bear
  3420 | D:5      | Found a staircase to the Ecumenical Temple.
  3424 | D:5      | Noticed a water moccasin
  3430 | D:5      | Killed a water moccasin
  3431 | D:5      | Reached XP level 7. HP: 43/51 MP: 5/15
  3435 | Temple   | Entered the Ecumenical Temple
  3596 | D:5      | Reached skill level 5 in Stealth
  4144 | D:6      | Reached XP level 8. HP: 58/58 MP: 10/16
  5045 | D:7      | Noticed Joseph
  5069 | D:7      | Killed Joseph
  5154 | D:7      | Found a sacrificial altar of Ru.
  5210 | D:7      | Reached * piety under Sif Muna
  5219 | D:7      | Found a hide-covered altar of Uskayaw.
  5222 | D:7      | Noticed a +0 hand axe
  5223 | D:7      | Noticed a +0 dagger
  5254 | D:7      | Slain by an orc warrior

Illustrated notes

Levels and vault maps discovered:
D:1:      dpeg_arrival_boxorama, layout_loops_cross, minmay_tetromino_o4
D:2:      minmay_evil_eye, layout_basic, serial_shops,
          nicolae_shop_overgrown_old_shop, st_stairs_4
D:3:      layout_basic, mainiacjoe_overflow_boulevard, minmay_lizard_king
D:4:      layout_loops_ring, mainiacjoe_overflow_alcove_2,
          nicolae_tso_carved_into_rock, nicolae_overflow_squiral,
          mainiacjoe_overflow_six_doors_small, kennysheep_generic_room_10
D:5:      layout_cave_pools, temple_doors_e, biasface_ghost_orc_armoury
D:6:      layout_basic
D:7:      layout_basic, dancing_weapons_uskayaw, nicolae_ru_awakened_eye,
          kennysheep_mini_moat, enter_bailey_3, uniq_joseph
Temple:   nicolae_temple_godzebo

Skill      XL: |  1  2  3  4  5  6  7  8 |
---------------+-------------------------+-----
Spellcasting   | 5 6 |  6.3
Invocations    | 1 2 3 4 |  4.2
Fighting       | 1 2 3 |  3.8
Short Blades   | 1 2 3 |  3.8
Long Blades    | 1 2 3 |  3.8
Axes           | 1 2 3 |  3.8
Maces & Flails | 1 2 3 |  3.8
Polearms       | 1 2 3 |  3.8
Staves         | 1 2 3 |  3.8
Ranged Weapons | 1 2 3 |  3.8
Throwing       | 1 2 3 |  3.8
Armour         | 1 2 3 |  3.8
Shields        | 1 2 3 |  3.8
Unarmed Combat | 1 2 3 |  3.8
Evocations     | 1 2 3 |  3.8
Conjurations   | 1 2 3 |  3.1
Hexes          | 1 2 3 |  3.1
Summonings     | 1 2 3 |  3.1
Necromancy     | 1 2 3 |  3.1
Translocations | 1 2 3 |  3.1
Transmutations | 1 2 3 |  3.1
Fire Magic     | 1 2 3 |  3.1
Air Magic      | 1 2 3 |  3.1
Earth Magic    | 1 2 3 |  3.1
Poison Magic   | 1 2 3 |  3.1
Dodging        | 5 6 |  6.0
Stealth        | 5 |  5.7
Ice Magic      | |  7.8

Action                   |  1- 3 |  4- 6 |  7- 9 || total
-------------------------+-------+-------+-------++-------
Melee: War axe           |    49 |       |       ||    49
       Bite              |     6 |     1 |     9 ||    16
       Long sword        |     1 |     7 |       ||     8
       Short sword       |       |    42 |       ||    42
       Flail             |       |    17 |    68 ||    85
       Punch             |       |       |     4 ||     4
 Cast: Freeze            |    11 |     5 |    22 ||    38
       Frozen Ramparts   |     1 |    10 |    13 ||    24
       Ozocubu's Armour  |       |     3 |     5 ||     8
       Scorch            |       |       |     6 ||     6
 Stab: Sleeping          |     5 |    12 |     2 ||    19
       Distracted        |       |     1 |       ||     1
Armor: Robe              |    17 |    21 |    34 ||    72
Dodge: Dodged            |    42 |    38 |    79 ||   159

Table legend: (Time is in decaauts)
 A = Elapsed time spent in this place.
 B = Non-inter-level travel time spent in this place.
 C = Inter-level travel time spent in this place.
 D = Time resting spent in this place.
 E = Time spent auto-exploring this place.
 F = Levels seen in this place.
 G = Mean time per level.
                   A        B        C        D        E       F      G
               +--------+--------+--------+--------+--------+-----+--------+
         Total |   5294 |   5018 |    276 |      7 |   3967 |   8 |  661.8 |
       Dungeon |   5152 |   4914 |    238 |      7 |   3866 |   7 |  736.0 |
        Temple |    141 |    104 |     37 |      0 |    101 |   1 |  141.0 |
               +--------+--------+--------+--------+--------+-----+--------+

Top non-repeatable levels by time:
     D:6: 969 daAuts
     D:4: 867 daAuts
     D:1: 839 daAuts
     D:3: 833 daAuts
     D:5: 791 daAuts
     D:2: 619 daAuts
     D:7: 232 daAuts
  Temple: 141 daAuts
